 Dungeon Crawl Stone Soup version 0.22.0-49-gab54619 (webtiles) character file.

760 vatarom the Shield-Bearer (level 8, -2/62 HPs)
             Began as a Formicid Fighter on Sept 6, 2018.
             Slain by a gnoll
             ... wielding a +0 spear
              (5 damage)
             ... on level 7 of the Dungeon.
             The game lasted 00:11:23 (5774 turns).

vatarom the Shield-Bearer (Formicid Fighter)        Turns: 5774, Time: 00:11:24

Health: -2/62      AC:  7    Str: 22    XL:     8   Next: 7%
Magic:  8/8        EV: 10    Int: 13    God:
Gold:   308        SH: 12    Dex: 11    Spells: 7/7 levels left

rFire    . . .     SeeInvis +   a - +0 quarterstaff
rCold    . . .     Gourm    .   c - +2 shield
rNeg     . . .     Faith    .   b - +0 scale mail
rPois    .         Spirit   .   (helmet unavailable)
rElec    +         Reflect  .   (no cloak)
rCorr    .         Harm     .   (no gloves)
MR       .....                  (no boots)
Stlth    ..........             m - amulet of inaccuracy (curse)
HPRegen  0.20/turn              (no ring)
MPRegen  0.11/turn              (no ring)

@: brilliant, lethally poisoned (-2 -> -4)
A: permanent stasis, dig shafts and tunnels, four strong arms, antennae 3,
repulsion field 1, electricity resistance, MP-powered wands
a: Dig, Shaft Self


You were on level 7 of the Dungeon.
You were very hungry.

You visited 1 branch of the dungeon, and saw 7 of its levels.

You collected 308 gold pieces.

Inventory:

Hand Weapons
 a - a +0 quarterstaff (weapon)
Armour
 b - a +0 scale mail (worn)
 c - a +2 shield (worn)
Jewellery
 g - a +6 ring of intelligence {unknown}
 m - a cursed amulet of inaccuracy (around neck)
Scrolls
 e - a scroll of enchant armour
 h - 6 scrolls of amnesia
 k - 3 scrolls of immolation
Potions
 i - 3 potions of cancellation
 j - 2 potions of haste {@q3}
Comestibles
 f - 6 rations {@e1}


   Skills:
 + Level 5.2 Fighting
 * Level 5.5 Staves
 + Level 5.1 Armour
 - Level 1.2 Stealth
 + Level 5.7 Shields


You had 7 spell levels left.
You didn't know any spells.
Your spell library contained the following spells:

 Spells                   Type           Power        Failure   Level  Hunger
 Animate Skeleton         Necr           N/A          16%         1    ##.....
 Apportation              Tloc           #.....       16%         1    ##.....
 Confusing Touch          Hex            #.....       16%         1    ##.....
 Summon Small Mammal      Summ           #...         16%         1    ##.....
 Confuse                  Hex            #.......     41%         3    ####...
 Gell's Gravitas          Tloc           #.........   41%         3    ####...
 Portal Projectile        Hex/Tloc       #.....       41%         3    ####...
 Force Lance              Conj/Tloc      #.......     75%         4    #####..
 Petrify                  Tmut/Erth      #.......     75%         4    #####..
 Metabolic Englaciation   Hex/Ice        #.........   96%         5    ######.
 Yara's Violent Unravell  Hex/Tmut       #.........   96%         5    ######.
 Dispersal                Tloc           #.........   100%        6    #######
 Disjunction              Tloc           #.........   100%        8    #######
 Controlled Blink         Tloc           Unusable     N/A         8    N/A

Dungeon Overview and Level Annotations

Branches:
Dungeon (6/15)
 Temple: D:4-7

Altars:
Makhleb

Shops:
D:4 }}=*

Annotations:
D:3 2 runed doors, inc's ghost, amateur OpFi
D:5 Grinder


Innate Abilities, Weirdness & Mutations

You cannot be hasted, slowed, berserked, paralysed or teleported.
You can dig through walls and to a lower floor.
Your four strong arms can wield two-handed weapons with a shield.
You have a pair of large antennae on your head. (SInv)
You are surrounded by a mild repulsion field. (EV +2)
You are resistant to electric shocks. (rElec)
You expend magic power (3 MP) to strengthen your wands.


Message History

Okay, then.
The worker ant waves its antennae.
You feel sick.
You feel sick.
The worker ant waves its antennae.
The worker ant bites you but does no damage. x2
A gnoll comes into view. It is wielding a club.
You feel sick.
The gnoll shouts!
The crimson imp completely misses you.
A gnoll comes into view.
It is wielding a spear. 2 gnolls come into view.
The gnoll shouts! x2
The gnoll falls through a shaft!
The shaft crumbles and collapses.
You feel sick. The gnoll barely misses you. You block the gnoll's attack.
You block the gnoll's attack.
An orc wizard comes into view. It is wielding a dagger.
The gnoll hits you with a spear.
You die...

########.......#
#:.............#
#...####...#####
## #...# #..## .
#...# #..# #.
#...# #..#
#.##.##5..# ...#
#.....#a..# ).##
#..@g..# ..#
###gg...#
#........ {
o......#.#
{....###.# #
...## ... ....#
.. ##.##


You could see a worker ant, an orc wizard (wandering), 3 gnolls and a crimson
imp.

Vanquished Creatures
  An ogre (D:5)
  A centaur (D:5)
  A scorpion (D:4)
  A crimson imp (D:6)
  A bullfrog zombie (D:5)
  2 orc priests
  2 hounds
  2 worker ants (D:4)
  2 orc wizards
  Robin (D:3)
  4 gnolls (D:2)
  9 adders
  An adder skeleton (D:4)
  2 worms (D:3)
  3 dart slugs
  4 leopard geckos
  16 orcs
  5 bats
  2 giant cockroaches
  5 hobgoblins
  7 jackals
  2 quokkas
  5 frilled lizards
  20 goblins
  6 kobolds
  9 rats
114 creatures vanquished.

Notes
Turn   | Place    | Note
-------+----------+-------------------------------------------
     0 | D:1      | vatarom the Formicid Fighter began the quest for the Orb.
     0 | D:1      | Reached XP level 1. HP: 18/18 MP: 1/1
   102 | D:1      | Reached XP level 2. HP: 23/24 MP: 2/2
   570 | D:1      | You fall through a shaft!
   588 | D:2      | Reached XP level 3. HP: 14/29 MP: 3/3
  1377 | D:2      | Reached XP level 4. HP: 37/37 MP: 4/4
  1381 | D:2      | Found a burning altar of Makhleb.
  1557 | D:2      | Reached XP level 5. HP: 27/42 MP: 5/5
  1936 | D:3      | Found a runed door.
  1943 | D:3      | Noticed inc's ghost (amateur OpFi)
  2041 | D:3      | Found a runed door.
  2301 | D:3      | Reached XP level 6. HP: 36/48 MP: 6/6
  2331 | D:3      | Noticed Robin
  2338 | D:3      | Killed Robin
  3155 | D:4      | Found Mixkycwa's Jewellery Shop.
  3181 | D:4      | Found Igicurev's Assorted Antiques.
  3439 | D:4      | Found Guku Fuh's Assorted Antiques.
  3504 | D:4      | Reached skill level 5 in Shields
  3504 | D:4      | Reached XP level 7. HP: 27/55 MP: 7/7
  3754 | D:4      | Found Kewamnod's Gadget Shop.
  3793 | D:4      | Found Vehuipn's Gadget Shop.
  4562 | D:5      | Entered Level 5 of the Dungeon
  4876 | D:5      | Noticed Grinder
  4977 | D:4      | Reached skill level 5 in Staves
  5101 | D:5      | Reached skill level 1 in Stealth
  5335 | D:5      | Reached skill level 5 in Fighting
  5410 | D:5      | Reached skill level 5 in Armour
  5489 | D:5      | Reached XP level 8. HP: 54/62 MP: 8/8
  5743 | D:6      | HP: 1/62 [orc wizard/magic dart (9)]
  5747 | D:6      | You fall through a shaft!
  5756 | D:7      | Gained mutation: You are resistant to electric shocks.
                  | (rElec) [potion of mutation]
  5756 | D:7      | Gained mutation: You are surrounded by a mild repulsion
                  | field. (EV +2) [potion of mutation]
  5756 | D:7      | Gained mutation: You expend magic power (3 MP) to
                  | strengthen your wands. [potion of mutation]
  5770 | D:7      | HP: 3/62 [poisoned by a worker ant]
  5774 | D:7      | Slain by a gnoll

Skill      XL: |  1  2  3  4  5  6  7 |
---------------+----------------------+-----
Shields        | 4 5 |  5.7
Staves         | 3 4 5 |  5.5
Fighting       | 4 5 |  5.2
Armour         | 4 5 |  5.1
Stealth        | 1 |  1.2

Action                   |  1- 3 |  4- 6 |  7- 9 || total
-------------------------+-------+-------+-------++-------
Melee: Quarterstaff      |    94 |   255 |   164 ||   513
 Abil: Dig               |     2 |     6 |     3 ||    11
       Shaft Self        |       |       |     1 ||     1
  Use: Scroll            |     3 |     6 |     2 ||    11
       Potion            |       |     3 |     4 ||     7
  Eat: Chunk             |     1 |     8 |     4 ||    13
       Ration            |       |       |     1 ||     1
Armor: Scale mail        |    38 |    82 |    45 ||   165
Dodge: Dodged            |    39 |    79 |    42 ||   160
Block: Shield            |    58 |   136 |   103 ||   297
